 Dungeon Crawl Stone Soup version 0.18-a0-1171-ga8e22e7 (webtiles) character file.

926 4thArraOfDagon the Chopper (level 7, -9/91 HPs)
             Began as a Centaur Berserker on Jan 26, 2016.
             Was a Priest of Trog.
             Mangled by an iguana (10 damage)
             ... on level 6 of the Dungeon.
             The game lasted 00:08:03 (1602 turns).

4thArraOfDagon the Chopper (Centaur Berserker)      Turns: 1602, Time: 00:08:03

Health: -9/91      AC:  5    Str: 27    XL:     7   Next: 85%
Magic:  6/6        EV:  9    Int:  6    God:    Trog [***...]
Gold:   156        SH:  0    Dex:  8    Spells: 0 memorised, 6 levels left

rFire  . . .     SeeInvis .     a - +0 hand axe
rCold  . . .     Gourm    .     m - troll hide
rNeg   . . .     Faith    .     (no shield)
rPois  .         Spirit   .     (no helmet)
rElec  .         Dismiss  .     e - +0 cloak
rCorr  .         Reflect  .     (no gloves)
SustAt .         Harm     .     (no barding)
MR     ++...                    (no amulet)
Stlth  ..........               (no ring)
                                (no ring)

@: berserking, regenerating, very quick, very resistant to hostile enchantments,
extremely unstealthy
A: hooves 3, deformed body, speed 2, low mp 1, tough skin 3, evolution 1
a: Berserk, Trog's Hand, Burn Spellbooks, Renounce Religion


You were on level 6 of the Dungeon.
You worshipped Trog.
Trog was most pleased with you.
You were hungry.

You visited 1 branch of the dungeon, and saw 8 of its levels.
You also visited: Sewer.

You collected 156 gold pieces.

Inventory:

Hand Weapons
 a - a +0 hand axe (weapon)
Missiles
 g - 5 curare-tipped needles
Armour
 e - a +0 cloak (worn)
 l - a +0 plate armour
 m - a troll hide (worn)
Wands
 c - a wand of confusion (12/48)
Scrolls
 d - a scroll of enchant armour {unknown}
 i - a scroll of immolation
 k - 3 scrolls of magic mapping
 o - 3 scrolls of fog {unknown}
 p - a scroll of fear {unknown}
 r - 3 scrolls of recharging {unknown}
 v - a scroll of identify
Potions
 b - a potion of magic {unknown}
 h - a potion of might {unknown}
 n - 3 potions of heal wounds {unknown}
 q - 2 potions of haste {unknown}
 t - a potion of brilliance
 u - a potion of flight {unknown}
Books
 j - a Necronomicon

   Spells                             Type                      Level
   a - Haunt                          Necromancy/Summoning         7
   b - Borgnjor's Revivification      Necromancy                   8
   c - Death's Door                   Charms/Necromancy            8
   d - Necromutation                  Transmutation/Necromancy     8
   Trog disapproves of the use of such an item.
Comestibles
 f - a meat ration
 s - 3 chunks of flesh


   Skills:
 + Level 5.3 Fighting
 * Level 6.4 Axes
 + Level 3.6 Armour
 - Level 1.3 Dodging


You had 6 spell levels left.
You didn't know any spells.

Dungeon Overview and Level Annotations

Branches:
Dungeon (8/15)             Temple (0/1) D:6
   Lair: D:8-11

Altars:
Cheibriados
Xom
Yredelemnul


Innate Abilities, Weirdness & Mutations

You have hooves in place of feet.
Armour fits poorly on your strangely shaped body.
You cover ground very quickly.
You have extremely tough skin (AC +3).
Your magical capacity is low (-10% MP).
You evolve.


Message History

Unknown command.
You hit the iguana.
The iguana is lightly wounded.
You slash the hound zombie! You barely miss the phantom.
You barely miss the orc. You closely miss the orc wizard. You hit the centaur.
The centaur is moderately wounded.
The orc wizard casts a spell at you. The puff of flame hits you!
* * * LOW HITPOINT WARNING * * *
The orc closely misses you. The hound zombie bites you.
* * * LOW HITPOINT WARNING * * *
The centaur hits you!
* * * LOW HITPOINT WARNING * * *
The phantom hits you!
* * * LOW HITPOINT WARNING * * *
A crimson imp comes into view.
Unknown command.
Unknown command.
The iguana bites you!
You die...

#....#..........#
#........### ####......#
###......## #...[[....#
#.#...†...#
#..#.......##### #..
#....o......# ####
#.##......c#@...# #....
## #.
#......o.l...###....##..
#
#5..#.#oWZ).............
...?#.#.#...........#...
....# #.#.#....#..#....#
.... #.>.#.............#
#.#.#.#...........#
..#.#.#.....#....###
...#.#....###...##


You could see a phantom, an iguana, 2 orc wizards, an orc and a hound zombie.

Vanquished Creatures
  A troll (D:5)
  A sky beast (D:8)
  An ogre (D:5)
  2 giant frogs (Sewer)
  A scorpion (D:7)
  A water moccasin skeleton (D:5)
  A centaur skeleton (D:6)
  2 worker ants
  2 orc wizards (D:5)
  A gnoll (D:3)
  12 adders
  3 river rats (Sewer)
  3 oozes (Sewer)
  2 worms
  3 giant geckos
  4 orcs
  A bat (D:2)
  4 giant cockroaches
  2 goblins
  2 hobgoblins
  2 jackals (D:3)
  2 quokkas
  11 ball pythons (Sewer)
  2 giant newts (Sewer)
  2 kobolds
  A quokka skeleton (D:4)
  24 rats (Sewer)
93 creatures vanquished.

Notes
Turn   | Place    | Note
--------------------------------------------------------------
     0 | D:1      | 4thArraOfDagon the Centaur Berserker began the quest for the Orb.
     0 | D:1      | Reached XP level 1. HP: 19/19 MP: 1/1
   138 | D:2      | Reached XP level 2. HP: 26/26 MP: 2/2
   210 | D:2      | Found a shimmering altar of Xom.
   353 | D:3      | Reached XP level 3. HP: 18/31 MP: 3/3
   362 | D:3      | HP: 1/31 [gnoll/halberd (3)]
   551 | D:5      | Entered Level 5 of the Dungeon
   615 | D:5      | Found a basalt altar of Yredelemnul.
   649 | D:5      | Reached ** piety under Trog
   649 | D:5      | Reached XP level 4. HP: 18/39 MP: 4/4
   673 | D:5      | Noticed a troll
   723 | D:5      | Killed a troll
   723 | D:5      | Reached skill level 4 in Fighting
   723 | D:5      | Reached XP level 5. HP: 32/46 MP: 5/5
   723 | D:5      | Reached XP level 6. HP: 36/52 MP: 6/6
   795 | D:5      | Reached skill level 5 in Axes
   890 | D:5      | Found a glowing drain.
   946 | Sewer    | Entered a sewer
  1075 | Sewer    | Reached XP level 7. HP: 36/60 MP: 7/7
  1125 | Sewer    | Reached *** piety under Trog
  1268 | Sewer    | Reached skill level 5 in Fighting
  1412 | D:6      | Reached skill level 6 in Axes
  1541 | D:8      | Gained mutation: Your magical capacity is low (-10% MP). [mutagenic meat]
  1542 | D:8      | Gained mutation: You evolve. [mutagenic meat]
  1543 | D:8      | Lost mutation: Your magical capacity is low (-10% MP). [mutagenic meat]
  1544 | D:8      | Gained mutation: Your magical capacity is low (-10% MP). [mutagenic meat]
  1549 | D:7      | Found a snail-covered altar of Cheibriados.
  1594 | D:6      | Found a staircase to the Ecumenical Temple.
  1601 | D:6      | HP: 1/91 [phantom (7)]
  1602 | D:6      | Mangled by an iguana

Vault maps used:
D:1:      tarquinn_simple_flora_water_e
D:2:      old_standard_altar, lemuel_doored_altar
D:3:      lemuel_castle_with_subvaults,
          nicolae_dithmenos_through_a_glass_darkly, fedhas_altar_3, first_bread
D:4:      minmay_crystal_water, kennysheep_generic_room_15
D:5:      kennysheep_windowed_halls, yredelemnul_forgotten_temple_becter,
          gup_sewer_entry_glass, serial_glass, glass_columns_a, glass_columns_b,
          minmay_strange_pillars
D:6:      nicolae_tso_carved_into_rock, lemuel_zombie_altar_kikubaaqudgha,
          minmay_temple_entry_grid, minmay_strange_pillars, lightli_minifort,
          uniq_sigmund
D:7:      lemuel_round_altar, grunt_livestock, nicolae_qazlal_eye_of_the_storm
D:8:      johnstein_pakellas_dig, kennysheep_mini_moat, special_room, uniq_pikel
Sewer:    sewer_minmay_w

Action                   |  1- 3 |  4- 6 |  7- 9 || total
-------------------------+-------+-------+-------++-------
Melee: Hand axe          |    61 |    85 |   106 ||   252
Invok: Berserk           |     4 |     5 |     6 ||    15
       Trog's Hand       |       |     1 |     2 ||     3
Evoke: Wand              |       |     4 |       ||     4
  Use: Potion            |     2 |       |     1 ||     3
       Scroll            |       |     5 |       ||     5
 Stab: Confused          |       |     3 |       ||     3
  Eat: Bread ration      |     1 |       |       ||     1
       Chunk             |       |     4 |    12 ||    16
